 Dungeon Crawl Stone Soup version 0.28-a0-834-g1a73be5ee4 (webtiles) character file.

Game seed: 9899545747034829414

1916 BargainHunt the Digger (level 9, -2/46 HPs)
             Began as a Gargoyle Earth Elementalist on Nov 10, 2021.
             Was a Priest of Yredelemnul.
             Slain by a troll (16 damage)
             ... on level 7 of the Dungeon on Nov 11, 2021.
             The game lasted 01:40:54 (11506 turns).

BargainHunt the Digger (GrEE)                      Turns: 11506, Time: 01:40:55

Health: -2/46      AC: 16    Str: 15    XL:     9   Next: 16%
Magic:  18/18      EV: 15    Int: 19    God:    Yredelemnul [***...]
Gold:   313        SH:  3    Dex:  5    Spells: 12/20 levels left

rFire   + . .      SeeInvis +   n - staff of fire
rCold   . . .      Faith    .   F - +1 buckler {AC+3}
rNeg    + + +      Spirit   .   i - +1 robe
rPois   ∞          Reflect  .   (no helmet)
rElec   +          Harm     .   C - +0 cloak
rCorr   .          Rampage  .   (no gloves)
Will    .....                   J - +2 pair of boots
Stlth   ++........              (no amulet)
HPRegen 0.15/turn               z - +4 ring of evasion
MPRegen 0.16/turn               k - ring "Miogg" {Fly rN++ Str+3 Dex-5 SInv}

@: flying
A: sickness immunity, AC +6, negative energy resistance 1, electricity
resistance, torment resistance 1, petrification resistance
a: Renounce Religion, Recall Undead Slaves, Injury Mirror, Animate Dead


You were on level 7 of the Dungeon.
You worshipped Yredelemnul.
Yredelemnul was most pleased with you.
You visited 2 branches of the dungeon, and saw 8 of its levels.

You collected 313 gold pieces.

Inventory:

Hand Weapons
 c - a +0 hand axe
 t - a +2 short sword of electrocution
 w - a +2 trident of venom
 y - a +1 antimagic mace
Missiles
 f - 148 bolts
 l - 112 stones
Armour
 b - a +0 robe
 i - a +1 robe (worn)
 r - a +1 pair of boots
 A - a +0 robe
 C - a +0 cloak (worn)
 F - a +1 buckler of protection (worn)
 J - a +2 pair of boots (worn)
 K - a +0 leather armour
Magical Staves
 n - a staff of fire (weapon)
 x - a staff of fire
Jewellery
 h - a +6 ring of dexterity
 j - a +4 ring of protection
 k - the ring "Miogg" (right hand) {Fly rN++ Str+3 Dex-5 SInv}
   (You found it on level 4 of the Dungeon)

   [ring of flight]

   Str:       It affects your strength (+3).
   Dex:       It affects your dexterity (-5).
   rN:        It greatly protects you from negative energy.
   SInv:      It lets you see invisible.
   Fly:       It grants you flight.
 z - a +4 ring of evasion (left hand)
 B - a +6 ring of intelligence
Wands
 v - a wand of mindburst (15)
 I - a wand of iceblast (3)
Scrolls
 a - 3 scrolls of teleportation
 d - a scroll of vulnerability {unknown}
 g - a scroll of blinking {unknown}
 m - a scroll of fog {unknown}
 D - a scroll of identify {unknown}
 E - a scroll of magic mapping {unknown}
Potions
 e - 2 potions of flight
 o - 3 potions of curing
 p - 2 potions of mutation {unknown}
 q - a potion of heal wounds {unknown}
 s - a potion of lignification {unknown}
 u - 3 potions of brilliance {unknown}
 G - 2 potions of degeneration {unknown}
 H - a potion of berserk rage {unknown}


   Skills:
 - Level 0.3 Fighting
 - Level 0.3 Axes
 + Level 1.0 Staves
 + Level 3.1 Dodging
 + Level 3.8 Stealth
 + Level 0.4 Unarmed Combat
 + Level 6.0 Spellcasting
 + Level 5.2 Conjurations
 - Level 0.7 Transmutations
 + Level 7.9 Earth Magic
 + Level 3.8 Invocations


You had 12 spell levels left.
You knew the following spells:

 Your Spells              Type           Power      Damage    Failure   Level
a - Sandblast             Erth           72%        2d16      1%          1
b - Stone Arrow           Conj/Erth      60%        3d10      3%          3
c - Petrify               Tmut/Erth      22%        N/A       30%         4

Your spell library contained the following spells:

 Spells                   Type           Power      Damage    Failure   Level
 Magic Dart               Conj           100%       1d8       2%          1
 Passwall                 Tmut/Erth      18%        N/A       4%          2
 Static Discharge         Conj/Air       15%        N/A       10%         2
 Dazzling Flash           Conj/Hex       30%        N/A       19%         3
 Mephitic Cloud           Conj/Pois/Air  12%        N/A       26%         3
 Call Imp                 Summ           5%         N/A       28%         2
 Ignite Poison            Fire/Tmut/Pois 10%        N/A       45%         3
 Gell's Gravitas          Tloc           5%         N/A       50%         3
 Lesser Beckoning         Tloc           5%         N/A       50%         3
 Teleport Other           Tloc           5%         N/A       50%         3
 Iskenderun's Mystic Bla  Conj/Tloc      15%        2d5       54%         4
 Sticky Flame             Conj/Fire      23%        2d4       54%         4
 Dispel Undead            Necr           5%         3d7       88%         4
 Freezing Cloud           Conj/Ice/Air   6%         6-21      94%         5
 Starburst                Conj/Fire      11%        6d5       100%        6


Dungeon Overview and Level Annotations

Branches:
Dungeon (7/15)             Temple (1/1) D:5

Altars:
Ashenzari
Cheibriados
Elyvilon
Fedhas
Gozag
Hepliaklqana
Kikubaaqudgha
Makhleb
Okawaru
Qazlal
Sif Muna
Trog
Uskayaw
Vehumet
Wu Jian
Xom
Yredelemnul
Zin
The Shining One

Shops:
D:1 =   D:5 *

Annotations:
D:7 Megustar's ghost, novice DEFE


Innate Abilities, Weirdness & Mutations

You are immune to sickness and miasma.
Your stone body is resilient. (AC +6)
You are immune to poison.
You resist negative energy. (rN+)
You are resistant to electric shocks. (rElec)
You are resistant to unholy torment.
You are immune to petrification.


Message History

Megustar's ghost shouts, "You must not succeed where I failed!"
Megustar's ghost says, "Don't worry, you'll be warm in a moment."
Megustar's ghost whispers, "Soon you will have time, lots of time..."
Megustar's ghost threatens, "I'm fresh out of hellfire, but you will end anyway."
The orc warrior curses repeatedly.
Megustar's ghost shouts, "You will never get the ORB!"
Done waiting.
There is a transporter here.
There is a transporter here.
There is a transporter here.
Casting: Stone Arrow (dangerous; 2% risk of failure)
Confirm with . or Enter, or press ? or * to list all spells.
You can't see any susceptible monsters within range! (Use Z to cast anyway.)
Casting: Stone Arrow (dangerous; 2% risk of failure)
Confirm with . or Enter, or press ? or * to list all spells.
Okay, then.
You enter the transporter and appear at another place.
Things that are here:
a +2 scimitar; a +0 robe The moth of wrath goads the troll on!
The troll goes berserk!
You're wearing all the rings you can.
Remove which one? (? for menu, Esc to cancel) < or
z - a +4 ring of evasion; > or
B - a +6 ring of intelligence You remove your +6 ring of intelligence.
You feel stupid.
You fly up into the air.
You feel stronger.
You feel clumsy.
k - the ring "Miogg" (right hand) {Fly rN++ Str+3 Dex-5 SInv} The troll completely misses you.
The troll misses you. The troll claws you!
You hear a shout!
The troll bites you but does no damage. The troll claws you but does no damage.
The troll barely misses you.
The gnoll sergeant shouts!
The troll bites you! The troll completely misses you. The troll claws you.
There is a transporter here.
You enter the transporter and appear at another place.
The troll bites you. The troll claws you!
You die...
Your body rises from the dead as a mindless zombie.

#......#..##[:[≈#..#Z.#
#...(..#§...._.##..#..#
#......#...#§§.....#..# .
#.#....##o##§#....##..# .#
#.#.....#.g##.....#...#
..##.#.....###.gW...##..##
...#.#......###g©.###...#
....<#...#....#####....##
.....#...###....@y...###
.....##### ###..TO.###
..<....# ####### .......#
.......# ...()).# ...<...#
.......# ########


You could see a moth of wrath, a troll (berserk), an orc warrior, an ogre, 3
gnoll sergeants and Megustar's ghost.

Vanquished Creatures
  Grinder (D:4)
  Eustachio (D:4)
  2 water moccasins (D:5)
  An ice beast (D:5)
  A sky beast (D:5)
  A centaur (D:6)
  A phantom (D:6)
  2 scorpions (D:5)
  A crimson imp (D:6)
  2 bullfrog zombies
  A gnoll shaman (D:5)
  3 hounds
  A jelly (D:5)
  3 orc priests
  2 bullfrog skeletons
  3 iguanas
  Natasha (D:4)
  4 orc wizards
  A hound skeleton (D:5)
  Robin (D:2)
  3 adders
  5 gnolls (D:5)
  3 worms
  7 dart slugs
  16 orcs
  7 endoplasms
  5 giant cockroaches
  17 goblins
  9 hobgoblins
  27 jackals
  6 kobolds
  10 quokkas
  8 ball pythons
  5 bats
  6 frilled lizards
  A kobold zombie (D:4)
  9 rats
177 creatures vanquished.

Vanquished Creatures (collateral kills)
  A hound skeleton (D:4)
  2 orcs
  A jackal (D:3)
  A ball python (D:2)
  A jackal skeleton (D:4)
6 creatures vanquished.

Vanquished Creatures (others)
  A wight (D:7)
  A bat zombie (D:3)
  2 dart slug zombies
  A frilled lizard zombie (D:3)
  2 gnoll zombies (D:5)
  2 goblin zombies (D:2)
  A hobgoblin zombie (D:2)
  A hound zombie (D:5)
  An iguana zombie (D:5)
  4 jackal zombies
  A kobold zombie (D:2)
  3 orc zombies
  A quokka zombie (D:2)
  A worm zombie (D:5)
22 creatures vanquished.

Grand Total: 205 creatures vanquished

Notes
Turn   | Place    | Note
-------+----------+-------------------------------------------
     0 | D:1      | BargainHunt the Gargoyle Earth Elementalist began the quest
                  | for the Orb.
     0 | D:1      | Reached XP level 1. HP: 10/10 MP: 3/3
   118 | D:1      | Reached skill level 4 in Earth Magic
   132 | D:1      | Reached XP level 2. HP: 15/15 MP: 0/5
   310 | D:1      | Found a faded altar of an unknown god.
   517 | D:1      | Reached XP level 3. HP: 19/19 MP: 3/6
   776 | D:1      | Found Garei's Jewellery Emporium.
  1359 | D:2      | Reached XP level 4. HP: 24/24 MP: 3/8
  1557 | D:1      | Prayed at the altar of an unknown god.
  1557 | D:1      | Became a worshipper of Yredelemnul the Dark
  1557 | D:1      | Reached * piety under Yredelemnul
  1895 | D:1      | Learned a level 3 spell: Stone Arrow
  1900 | D:1      | Learned a level 4 spell: Petrify
  2494 | D:2      | Reached ** piety under Yredelemnul
  2495 | D:2      | Reached skill level 5 in Earth Magic
  2495 | D:2      | Reached XP level 5. HP: 14/28 MP: 0/9
  3177 | D:2      | Noticed Robin
  3200 | D:2      | Reached skill level 1 in Conjurations
  3200 | D:2      | Reached skill level 1 in Invocations
  3355 | D:2      | Killed Robin
  3485 | D:2      | Your ally Robin died
  4450 | D:3      | Reached XP level 6. HP: 21/33 MP: 4/11
  5517 | D:4      | Noticed Eustachio
  5625 | D:4      | Upgraded the game from 0.28-a0-828-g0121872642 to
                  | 0.28-a0-834-g1a73be5ee4
  5701 | D:4      | HP: 1/33 [white imp/puff of frost[Eustachio] (8)]
  6003 | D:4      | Killed Eustachio
  6090 | D:4      | Reached XP level 7. HP: 37/37 MP: 1/12
  6459 | D:4      | Reached *** piety under Yredelemnul
  6742 | D:4      | Noticed Grinder
  6744 | D:4      | Found an ornate altar of the Wu Jian Council.
  6747 | D:4      | Paralysed by Grinder for 7 turns
  6771 | D:4      | Paralysed by Grinder for 7 turns
  6783 | D:4      | Killed Grinder
  6784 | D:4      | Reached skill level 6 in Earth Magic
  7032 | D:4      | Noticed Natasha
  7033 | D:4      | Killed Natasha
  7445 | D:4      | Identified the ring "Miogg" {Fly rN++ Str+3 Dex-5 SInv}
  7742 | D:4      | Reached XP level 8. HP: 42/42 MP: 1/14
  8149 | D:5      | Entered Level 5 of the Dungeon
  8194 | D:5      | Reached skill level 1 in Staves
  8376 | D:5      | Found Kooc's Assorted Antiques.
  8584 | D:5      | Found a snail-covered altar of Cheibriados.
  8800 | D:5      | Reached skill level 5 in Spellcasting
  8890 | D:5      | Reached skill level 7 in Earth Magic
  9538 | D:5      | Found a glowing silver altar of Zin.
  9591 | D:5      | Found a radiant altar of Vehumet.
  9602 | D:5      | Found a hide-covered altar of Uskayaw.
  9680 | D:5      | Found a broken altar of Ashenzari.
  9687 | D:5      | Found a hazy altar of Hepliaklqana.
  9882 | D:5      | Found a staircase to the Ecumenical Temple.
 10132 | Temple   | Entered the Ecumenical Temple
 10303 | D:6      | Found a basalt altar of Yredelemnul.
 10315 | D:6      | Reached XP level 9. HP: 46/46 MP: 10/17
 10417 | D:6      | Reached skill level 5 in Conjurations
 10969 | D:6      | Found a burning altar of Makhleb.
 10970 | D:6      | Received a gift from Yredelemnul (a wight)
 11221 | D:7      | Found a transporter.
 11229 | D:7      | Found a bloodstained altar of Trog.
 11230 | D:7      | Noticed Megustar's ghost (novice DEFE)
 11234 | D:7      | Noticed a troll
 11252 | D:7      | Noticed a moth of wrath
 11272 | D:7      | Found a transporter.
 11506 | D:7      | Slain by a troll

Illustrated notes

Levels and vault maps discovered:
D:1:      saegor_arrival_simple_c, layout_loops_ring, serial_shops, shop,
          hellmonk_ecumenical_altar_arch_garden
D:2:      wad_river_or_something, layout_basic, uniq_robin
D:3:      layout_loops_ring
D:4:      layout_loops_corners, nicolae_wu_jian_glorious_leap,
          minmay_misc_feat_roman, uniq_eustachio, uniq_natasha, uniq_grinder
D:5:      layout_loops_ring, cheibriados_altar_1,
          minmay_overflow_temple_star_quad, amethyst_overflow_temple_binary,
          minmay_temple_entry_poolview, serial_shops,
          nicolae_shop_window_shopping
D:6:      layout_basic, yredelemnul_altar_generic, makhleb_grotto_becter
D:7:      minmay_angry_zag, layout_rooms,
          nicolae_dithmenos_through_a_glass_darkly,
          gammafunk_ghost_wrathful_warriors, uniq_crazy_yiuf_cottage
Temple:   nicolae_temple_figure_zero

Skill      XL: |  1  2  3  4  5  6  7  8  9 |
---------------+----------------------------+-----
Earth Magic    | 4 5 6 7 |  7.9
Spellcasting   | 3 4 5 6 |  6.0
Conjurations   | 1 2 3 4 5 |  5.2
Invocations    | 1 2 3 |  3.8
Dodging        | 2 3 |  3.1
Stealth        | 3 |  3.8
Staves         | 1 |  1.0
Fighting       | |  0.3
Axes           | |  0.3
Unarmed Combat | |  0.4
Transmutations | |  0.7

Action                   |  1- 3 |  4- 6 |  7- 9 || total
-------------------------+-------+-------+-------++-------
Melee: Unarmed           |    14 |     2 |       ||    16
       Hand axe          |       |    72 |       ||    72
       Staff             |       |    45 |    16 ||    61
 Cast: Sandblast         |    53 |    10 |       ||    63
       Stone Arrow       |       |    65 |   104 ||   169
Invok: Animate Remains   |       |    25 |     1 ||    26
       Animate Dead      |       |       |    12 ||    12
  Use: Scroll            |       |     1 |     2 ||     3
       Potion            |       |     1 |     1 ||     2
 Stab: Sleeping          |       |       |     1 ||     1
Armor: Robe              |     9 |    80 |    15 ||   104
Dodge: Dodged            |    15 |   165 |    19 ||   199
Block: Buckler           |       |       |     5 ||     5

Table legend: (Time is in decaauts)
 A = Elapsed time spent in this place.
 B = Non-inter-level travel time spent in this place.
 C = Inter-level travel time spent in this place.
 D = Time resting spent in this place.
 E = Time spent auto-exploring this place.
 F = Levels seen in this place.
 G = Mean time per level.
                   A        B        C        D        E       F      G
               +--------+--------+--------+--------+--------+-----+--------+
         Total |  11538 |  11271 |    267 |   3666 |   5071 |   8 | 1442.2 |
       Dungeon |  11406 |  11148 |    258 |   3666 |   4979 |   7 | 1629.4 |
        Temple |    131 |    122 |      9 |      0 |     92 |   1 |  131.0 |
               +--------+--------+--------+--------+--------+-----+--------+

Top non-repeatable levels by time:
     D:4: 2377 daAuts
     D:2: 2197 daAuts
     D:5: 2016 daAuts
     D:1: 1856 daAuts
     D:3: 1754 daAuts
     D:6: 837 daAuts
     D:7: 365 daAuts
  Temple: 131 daAuts
